 Dungeon Crawl Stone Soup version 0.26-a0-466-g989023bd0d (webtiles) character file.

Game seed: 15936228205783086682

63 BattleRest the Caller (level 3, -2/19 HPs)
             Began as a Deep Elf Summoner on Aug 10, 2020.
             Slain by a worker ant (6 damage)
             ... on level 3 of the Dungeon.
             The game lasted 00:11:10 (3631 turns).

BattleRest the Caller (Deep Elf Summoner)           Turns: 3631, Time: 00:11:11

Health: -2/19      AC:  2    Str:  5    XL:     3   Next: 89%
Magic:  2/10       EV: 13    Int: 20    God:
Gold:   83         SH:  0    Dex: 15    Spells: 0/9 levels left

rFire    . . .     SeeInvis .   b - +0 hunting sling
rCold    . . .     Faith    .   (no shield)
rNeg     . . .     Spirit   .   a - +0 robe
rPois    .         Reflect  .   (no helmet)
rElec    .         Harm     .   (no cloak)
rCorr    .                      (no gloves)
MR       .....                  (no boots)
Stlth    ++........             (no amulet)
HPRegen  0.06/turn              (no ring)
MPRegen  0.12/turn              (no ring)

@: lethally poisoned (-2 -> -10)
A: no striking features
a: no special abilities


You were on level 3 of the Dungeon.
You visited 1 branch of the dungeon, and saw 3 of its levels.

You collected 83 gold pieces.

Inventory:

Hand Weapons
 b - a +0 hunting sling (weapon)
Missiles
 c - 101 stones (quivered)
Armour
 a - a +0 robe (worn)
Scrolls
 f - a scroll of noise {unknown}
 h - a scroll of enchant weapon {unknown}
 i - a scroll of fear {unknown}
 j - a scroll of enchant armour {unknown}
 o - a scroll of magic mapping {unknown}
 p - a scroll of remove curse {unknown}
 r - a scroll of teleportation {unknown}
Potions
 d - a potion of curing
 e - a potion of stabbing {unknown}
 g - a potion of magic {unknown}
 k - a potion of flight {unknown}
 l - a potion of cancellation {unknown}
 m - a potion of lignification {unknown}
 n - a potion of ambrosia {unknown}
 q - a potion of invisibility {unknown}


   Skills:
 + Level 1.0 Slings
 + Level 3.2 Dodging
 - Level 2.4 Stealth
 + Level 3.8 Spellcasting
 * Level 5.1 Summonings


You couldn't memorise any spells.
You knew the following spells:

 Your Spells              Type           Power        Failure   Level
a - Summon Small Mammal   Summ           ###.         1%          1
b - Call Imp              Summ           ###.....     2%          2
c - Call Canine Familiar  Summ           ###.....     4%          3
d - Summon Guardian Gole  Hex/Summ       ##......     14%         3

Your spell library contained the following spells:

 Spells                   Type           Power        Failure   Level
 Summon Ice Beast         Ice/Summ       ##......     41%         4
 Summon Lightning Spire   Summ/Air       ##......     41%         4


Dungeon Overview and Level Annotations

Branches:
Dungeon (3/15)

Altars:


Message History

A beastly little devil appears in a puff of flame.
The worker ant bites you.
You are lethally poisoned!
The worker ant poisons you! Something misses your shadow imp.
The worker ant bites you.
You feel sick.
Your shadow imp hits the worker ant but does no damage.
Your crimson imp barely misses the worker ant.
You feel sick.
Your shadow imp disappears in a puff of smoke!
* * * LOW HITPOINT WARNING * * *
You feel sick.
Firing (i - inventory)
c - 102 stones (quivered)
Press: ? - help, Shift-Dir - straight line, f/p - worker ant
Aim: a worker ant (severely wounded)
You shoot a stone.
The stone closely misses the worker ant.
* * * LOW HITPOINT WARNING * * *
You feel sick. The worker ant bites you.
You die...

# .#.# ... ##.#(# #..
...#.# ..##..#.# #.....#.#
##.##.##.### #....5.5...#
#...#.##a#.# #..§.(##@# #.#
###s####.# #.# #.# ... ..##
.#########†###..#.###..
...(s....s..##..#......
...(......#.##..# ###.#####
.....(....#.##..#####.....#
....(.....#.##.......<.##.#
...#...####..##.####.#.##.#


You could see a worker ant and a friendly shadow imp (summoned).

Vanquished Creatures
  2 bats
  A giant cockroach (D:3)
  2 hobgoblins (D:1)
  3 kobolds (D:1)
  2 frilled lizards
  4 rats
14 creatures vanquished.

Vanquished Creatures (collateral kills)
  An adder (D:2)
  2 gnolls (D:2)
  A dart slug (D:1)
  3 ball pythons
  4 bats
  A giant cockroach (D:2)
  8 goblins
  5 hobgoblins
  4 jackals (D:1)
  4 quokkas (D:2)
  3 frilled lizards
  11 kobolds
  4 rats
51 creatures vanquished.

Vanquished Creatures (others)
  2 plants (D:2)
2 creatures vanquished.

Grand Total: 67 creatures vanquished

Notes
Turn   | Place    | Note
-------+----------+-------------------------------------------
     0 | D:1      | BattleRest the Deep Elf Summoner began the quest for the
                  | Orb.
     0 | D:1      | Reached XP level 1. HP: 10/10 MP: 6/6
   809 | D:1      | Reached XP level 2. HP: 15/15 MP: 8/8
   816 | D:1      | Learned a level 2 spell: Call Imp
  1804 | D:2      | Reached XP level 3. HP: 15/19 MP: 10/10
  1809 | D:2      | Learned a level 3 spell: Call Canine Familiar
  2622 | D:2      | Reached skill level 5 in Summonings
  3103 | D:2      | Learned a level 3 spell: Summon Guardian Golem
  3176 | D:2      | Reached skill level 1 in Slings
  3631 | D:3      | Slain by a worker ant

Illustrated notes

Levels and vault maps discovered:
D:1:      minmay_arrival_plants_in_alcoves, layout_basic, minmay_small_reverse_x
D:2:      wad_woods_tower, layout_loops_ring
D:3:      layout_basic, uniq_grinder

Skill      XL: |  1  2  3 |
---------------+----------+-----
Dodging        | 3 |  3.2
Summonings     | 5 |  5.1
Slings         | 1 |  1.0
Stealth        | |  2.4
Spellcasting   | |  3.8

Action                   || total
-------------------------++-------
 Fire: Hunting sling     ||    63
 Cast: Summon Small Mamm ||    27
       Call Imp          ||    45
       Call Canine Famil ||     3
       Summon Guardian G ||     2
  Use: Scroll            ||     1
       Potion            ||     1
Armor: Robe              ||    16
Dodge: Dodged            ||    46

Table legend: (Time is in decaauts)
 A = Elapsed time spent in this place.
 B = Non-inter-level travel time spent in this place.
 C = Inter-level travel time spent in this place.
 D = Time resting spent in this place.
 E = Time spent auto-exploring this place.
 F = Levels seen in this place.
 G = Mean time per level.
                   A        B        C        D        E       F      G
               +--------+--------+--------+--------+--------+-----+--------+
         Total |   3640 |   3609 |     31 |   1691 |   1110 |   3 | 1213.3 |
       Dungeon |   3640 |   3609 |     31 |   1691 |   1110 |   3 | 1213.3 |
               +--------+--------+--------+--------+--------+-----+--------+

Top non-repeatable levels by time:
     D:2: 1859 daAuts
     D:1: 1680 daAuts
     D:3: 101 daAuts
